AoeStats
← AOKI_GworK

Arabian Desert

508497280Analyzed
1v1 RM · 9d ago on Sep 22, 2026· 32m 34s· 2 players
Game mode
Random Map
Map size
Tiny (2 player)
Population
200
Speed
Normal
Resources
Standard
Victory
Conquest
Starting age
Dark Age
Ending age
Imperial Age
RankedLock teamsTeams togetherTeam positionsShared explorationLock speedFull tech treeHidden civsTurbo modeCheats
Victory
Defeat
🇫🇷 Goths · France
1876
+13
🇩🇴 Varangians · Dominican Republic
1801
-13
RD | El_Zapatero22
6:32 Loom
8:48 Feudal Age
9:45 Double-Bit Axe
16:00 Fletching
17:53 Forging
18:24 Bloodlines
18:50 Scale Barding Armor
27:20 Castle Age
28:21 Chain Barding Armor
27:30 Light Cavalry
29:04 Husbandry
AOKI_GworK
1:00 Loom
8:55 Feudal Age
8:57 Man-at-Arms
14:01 Horse Collar
15:48 Double-Bit Axe
17:48 Fletching
20:21 Scale Mail Armor
22:21 Wheelbarrow
25:23 Castle Age
23:37 Gold Mining
26:08 Bodkin Arrow
25:33 Crossbowman
26:48 Pikeman
29:16 Squires
30:25 Bow Saw
31:07 Chain Mail Armor
33:11 Ballistics
Connection lost

Rejoining the realm…

Still unreachable

The connection could not be restored.

Session expired

The server has moved on; the page needs a fresh start.